 Dungeon Crawl Stone Soup version 0.18.1-48-g4cf74bf (webtiles) character file.

322 torvon the Skirmisher (level 6, -1/51 HPs)
             Began as a Formicid Abyssal Knight on Aug 11, 2016.
             Was a Priest of Lugonu.
             Slain by an ogre
             ... wielding a +0 giant club
              (13 damage)
             ... on level 6 of the Dungeon.
             The game lasted 00:20:48 (3800 turns).

torvon the Skirmisher (Formicid Abyssal Knight)     Turns: 3800, Time: 00:20:49

Health: -1/51      AC:  9    Str: 19    XL:     6   Next: 76%
Magic:  8/8        EV:  6    Int: 11    God:    Lugonu [***...]
Gold:   205        SH:  0    Dex: 10    Spells: 0 memorised, 5 levels left

rFire  . . .     SeeInvis +     a - +1 mace
rCold  . . .     Gourm    .     b - +0 leather armour
rNeg   . . .     Faith    .     (no shield)
rPois  .         Spirit   .     (helmet unavailable)
rElec  .         Dismiss  .     r - +0 cloak
rCorr  .         Reflect  .     y - +0 pair of gloves
SustAt +         Harm     .     e - +2 pair of boots
MR     .....     Clarity  +     (no amulet)
Stlth  +.........               (no ring)
                                s - ring of sustain attributes

@: not resistant to hostile enchantments, very unstealthy
A: permanent stasis, dig shafts and tunnels, four strong arms, antennae 3, fangs
1, blurry vision 1, clarity
a: Dig, Shaft Self, Depart the Abyss, Bend Space, Banish, Renounce Religion


You were on level 6 of the Dungeon.
You worshipped Lugonu.
Lugonu was most pleased with you.
You were hungry.

You visited 1 branch of the dungeon, and saw 5 of its levels.
You visited the Abyss 1 time.

You collected 205 gold pieces.

Inventory:

Hand Weapons
 a - a +1 mace (weapon)
 k - a +0 club
 p - a +0 club
 u - a +0 short sword
 z - a +1 dagger of venom
 C - a +0 short sword
 E - a +0 hand axe
Missiles
 m - 136 stones
 o - 3 large rocks
 v - a throwing net
 D - a tomahawk (quivered)
Armour
 b - a +0 leather armour (worn)
 e - a +2 pair of boots (worn)
 r - a +0 cloak (worn)
 x - a +0 leather armour
 y - a +0 pair of gloves (worn)
Jewellery
 s - a ring of sustain attributes (left hand)
Scrolls
 f - 3 scrolls of enchant weapon {unknown}
 g - 4 scrolls of remove curse {unknown}
 j - a scroll of enchant armour {unknown}
 l - 3 scrolls of identify {unknown}
 n - 4 scrolls of recharging {unknown}
 q - a scroll of teleportation {unknown}
 A - a scroll of amnesia {unknown}
Potions
 h - a potion of haste {unknown}
 i - 3 potions of agility
 t - a potion of lignification {unknown}
 B - 2 potions of curing {unknown}
Books
 w - a book of Changes

   Spells                             Type                      Level
   a - Beastly Appendage              Transmutation                1
   b - Sticks to Snakes               Transmutation                2
   c - Spider Form                    Transmutation/Poison         3
   d - Ice Form                       Ice/Transmutation            4
   e - Blade Hands                    Transmutation                5
Comestibles
 c - 2 bread rations
 d - a beef jerky


   Skills:
 + Level 5.0 Fighting
 + Level 3.9 Maces & Flails
 + Level 4.6 Armour
 - Level 0.8 Dodging
 * Level 2.8 Invocations


You had 5 spell levels left.
You didn't know any spells.

Dungeon Overview and Level Annotations

Branches:
Dungeon (4/15)
 Temple: D:4-7

Altars:
Cheibriados
Elyvilon
Okawaru
Pakellas
The Shining One

Shops:
D:4 =

Annotations:
D:6 Pikel


Innate Abilities, Weirdness & Mutations

You are under a permanent stasis effect.
You can dig through walls and to a lower floor.
Your four strong arms can wield two-handed weapons with a shield.
You have a pair of large antennae on your head (SInv).
You have very sharp teeth.
Scrolls take you a little longer to read.
You possess an exceptional clarity of mind.


Message History

You hear the slow rusting of a distant drain.
The sky beast closely misses you. The slave closely misses you.
The sky beast flickers out of sight for a moment.
The sky beast flickers out of sight for a moment.
The slave hits you.
The sky beast flickers out of sight for a moment.
Found a stone staircase leading down.
Found a stone staircase leading up.
A giant newt and an ogre come into view.
The ogre shouts!
The ogre hits you with a giant club!!
* * * LOW HITPOINT WARNING * * *
An ogre comes into view. It is wielding a giant club.
The ogre shouts!
A quokka comes into view.
There is a stone staircase leading up here.
The sky beast hits you but does no damage.
The ogre closely misses you. The ogre hits you with a giant club!
You die...

#. #.# #.. #.. # ..
###.### #. ......
###r##.##.# #
#...@Ol#.# .
#.>pOY..# . #...#
#..#...## #...#
#..#l#..###. # #...#
#..o........ # #...#
###.#.####.##
####...#####{......#
.#
.......≈...{.#.###.#
. ..........K....#
...


You could see a sky beast, 2 ogres, a slave, an orc, a giant gecko, a quokka and
a giant newt.

Vanquished Creatures
  3 orc priests
  2 orc wizards
  10 adders
  An ooze (D:1)
  2 adder skeletons (D:4)
  2 worms (D:3)
  A dart slug (D:1)
  A giant gecko (D:2)
  9 orcs
  A ball python (D:3)
  2 giant cockroaches (D:3)
  5 goblins
  7 hobgoblins
  10 jackals
  3 kobolds
  2 quokkas
  6 bats
  3 giant newts
  7 rats
77 creatures vanquished.

Vanquished Creatures (others)
  A jelly (D:3)
1 creature vanquished.

Grand Total: 78 creatures vanquished

Notes
Turn   | Place    | Note
--------------------------------------------------------------
     0 | Abyss:1  | torvon the Formicid Abyssal Knight began the quest for the Orb.
     0 | Abyss:1  | Reached XP level 1. HP: 18/18 MP: 2/2
     4 | Abyss:1  | Found a corrupted altar of Lugonu.
    30 | Abyss:1  | Noticed an efreet
    30 | Abyss:1  | Noticed a smoke demon
    32 | D:1      | Escaped the Abyss
   172 | D:1      | Reached XP level 2. HP: 22/24 MP: 3/3
   417 | D:1      | Reached ** piety under Lugonu
   417 | D:1      | Reached XP level 3. HP: 26/30 MP: 4/4
  1041 | D:2      | Reached XP level 4. HP: 34/37 MP: 5/5
  1266 | D:2      | Gained mutation: You have very sharp teeth. [potion of mutation]
  1266 | D:2      | Gained mutation: You possess an exceptional clarity of mind. [potion of mutation]
  1266 | D:2      | Gained mutation: Scrolls take you a little longer to read. [potion of mutation]
  1552 | D:2      | Reached skill level 4 in Fighting
  2134 | D:3      | Reached XP level 5. HP: 32/42 MP: 6/6
  2136 | D:3      | Found a white marble altar of Elyvilon.
  2190 | D:3      | Reached *** piety under Lugonu
  2407 | D:3      | Reached XP level 6. HP: 41/49 MP: 7/7
  2625 | D:3      | Found an iron altar of Okawaru.
  2625 | D:3      | Found a glowing golden altar of the Shining One.
  2625 | D:3      | Found a snail-covered altar of Cheibriados.
  2825 | D:3      | Found an oddly glowing altar of Pakellas.
  2825 | D:3      | Noticed an orange crystal statue
  3283 | D:4      | Found Cealom's Jewellery Boutique.
  3303 | D:4      | Noticed an ice beast
  3589 | D:4      | Reached skill level 5 in Fighting
  3620 | D:4      | Noticed an ogre
  3656 | D:4      | You fall through a shaft for 2 floors!
  3656 | D:6      | Noticed a slave
  3661 | D:6      | Noticed a slave
  3662 | D:6      | Noticed a slave
  3662 | D:6      | Noticed Pikel
  3662 | D:6      | Noticed a slave
  3672 | D:6      | Noticed an orc warrior
  3681 | D:6      | Noticed a sky beast
  3794 | D:6      | Noticed an ogre
  3797 | D:6      | Noticed an ogre
  3800 | D:6      | Slain by an ogre

Skill      XL: |  1  2  3  4  5  6 |
---------------+-------------------+-----
Armour         | 3 4 |  4.6
Maces & Flails | 3 |  3.9
Fighting       | 4 5 |  5.0
Dodging        | |  0.8
Invocations    | |  2.8

Action                   |  1- 3 |  4- 6 || total
-------------------------+-------+-------++-------
Melee: Mace              |    75 |   215 ||   290
       Bite              |       |    16 ||    16
Throw: Stone             |       |    27 ||    27
       Tomahawk          |       |     8 ||     8
Invok: Bend Space        |       |     3 ||     3
 Abil: Shaft Self        |       |     1 ||     1
  Use: Potion            |       |     3 ||     3
  Eat: Beef jerky        |       |     2 ||     2
       Chunk             |       |     2 ||     2
       Bread ration      |       |     1 ||     1
Armor: Leather armour    |    37 |    97 ||   134
Dodge: Dodged            |    58 |   140 ||   198
